 Dungeon Crawl Stone Soup version 0.27.0-1-g7a089689b8 (webtiles) character file.

Game seed: 7895464575192812224

171 hatdisgam the Cutter (level 5, 0/25 HPs)
             Began as a Vine Stalker Arcane Marksman on Aug 6, 2021.
             Slain by an ogre (14 damage)
             ... on level 6 of the Dungeon.
             The game lasted 00:06:10 (3823 turns).

hatdisgam the Cutter (Vine Stalker Arcane Marksman) Turns: 3823, Time: 00:06:11

Health: 0/25       AC:  8    Str: 14    XL:     5   Next: 51%
Magic:  0/7        EV:  6    Int: 13    God:
Gold:   73         SH:  0    Dex: 14    Spells: 5/6 levels left

rFire    . . .     SeeInvis .   y - +0 long sword (freeze)
rCold    . . .     Faith    .   (no shield)
rNeg     . . .     Spirit   +   i - +0 chain mail
rPois    .         Reflect  .   h - +0 hat
rElec    .         Harm     .   (no cloak)
rCorr    .         Rampage  .   (no gloves)
Will     .....                  (no boots)
Stlth    ..........             (no amulet)
HPRegen  1.08/turn              (no ring)
MPRegen  0.10/turn              (no ring)

@: no status effects
A: fangs 2, regeneration 1, magic shield, antimagic bite, no potion heal 2
a: no special abilities


You were on level 6 of the Dungeon.
You visited 1 branch of the dungeon, and saw 5 of its levels.

You collected 73 gold pieces.

Inventory:

Hand Weapons
 f - a +0 dagger
 r - a +0 antimagic dagger
 y - a +0 long sword of freezing (weapon)
Missiles
 b - 6 javelins (quivered)
 c - 2 throwing nets
 d - 44 stones
 e - 3 poisoned darts
 v - 3 boomerangs
Armour
 a - a +0 robe
 h - a +0 hat (worn)
 i - a +0 chain mail (worn)
Jewellery
 t - an amulet of faith
Wands
 u - a wand of digging (3)
Scrolls
 g - a scroll of fear {unknown}
 k - a scroll of brand weapon {unknown}
 l - a scroll of enchant weapon {unknown}
 m - a scroll of enchant armour {unknown}
 n - a scroll of silence {unknown}
 o - a scroll of noise {unknown}
 p - 2 scrolls of teleportation {unknown}
 q - a scroll of identify {unknown}
 x - a scroll of fog {unknown}
Potions
 j - 2 potions of curing {unknown}
 s - a potion of resistance {unknown}
 w - a potion of degeneration {unknown}
 z - a potion of magic {unknown}


   Skills:
 - Level 0.8 Fighting
 - Level 3.5 Short Blades
 + Level 3.3 Throwing
 - Level 1.5 Dodging
 - Level 1.1 Spellcasting
 - Level 3.0 Hexes


You had 5 spell levels left.
You knew the following spells:

 Your Spells              Type           Power      Damage    Failure   Level
a - Corona                Hex            8%         N/A       94%         1

Your spell library contained the following spells:

 Spells                   Type           Power      Damage    Failure   Level
 Slow                     Hex            8%         N/A       98%         2
 Dazzling Flash           Conj/Hex       8%         N/A       100%        3
 Inner Flame              Hex/Fire       4%         N/A       100%        3
 Portal Projectile        Hex/Tloc       8%         N/A       100%        3
 Cause Fear               Hex            4%         N/A       100%        4
 Iskenderun's Mystic Bla  Conj/Tloc      0%         2d3       100%        4
 Starburst                Conj/Fire      0%         8x6d3     100%        6


Dungeon Overview and Level Annotations

Branches:
Dungeon (6/15)
 Temple: D:4-7

Altars:

Annotations:
D:4 3 runed translucent doors, dtburroughs's ghost, amateur MiBe


Innate Abilities, Weirdness & Mutations

You have extremely sharp teeth.
Your natural rate of healing is unusually fast.
When hurt, damage is shared between your health and your magic reserves.
Your bite disrupts and absorbs the magic of your enemies.
Potions cannot restore your health.


Message History

The orc barely misses you.
You hit the orc.
The orc is severely wounded.
The orc hits you but does no damage.
You hit the orc.
You kill the orc!
Items here: )) [[ †.
You start resting.
HP restored.
Okay, then.
You start resting.
Magic restored.
There is an open door here.
You see here a +0 long sword of freezing.
y - a +0 long sword of freezing Your +0 long sword of freezing glows with a cold blue light!
y - a +0 long sword of freezing (weapon)
You open the large door.
An ogre comes into view. It is wielding a +0 giant club.
The ogre shouts!
The ogre moves out of view.
Found a stone staircase leading up.
There is a large open door here.
Throw: 7 javelins
Press: ? - help, Q - select action, (/) - cycle Shift-Dir - straight line, f - ogre
Aim: an ogre, wielding a +0 giant club (72% to hit)
You throw a javelin. The javelin closely misses the ogre.
The ogre hits you with a +0 giant club.
Unknown command.
You hit the ogre. You freeze the ogre.
The ogre is lightly wounded.
The ogre hits you with a +0 giant club!
You slash the ogre! You freeze the ogre.
The ogre is heavily wounded.
The ogre hits you with a +0 giant club.
You hit the ogre. You freeze the ogre.
The ogre is severely wounded.
The ogre hits you with a +0 giant club!!
Ouch! That really hurt!
You die...

######'#####
##..........#
............# .
#...........# ..
##..#.......# ...
#..#........# ...
#.#.........# ..#
.#..........##(..#
#...........@O...+
............##...#
#.#######+### ..#
.. ... ... <. .


You could see an ogre.

Vanquished Creatures
  A lemure (D:5)
  A gnoll shaman (D:5)
  An orc wizard (D:6)
  2 gnolls (D:5)
  An adder (D:2)
  An ufetubus (D:2)
  3 worms
  4 dart slugs
  5 orcs
  An endoplasm (D:1)
  3 giant cockroaches
  5 hobgoblins
  6 jackals
  2 quokkas (D:1)
  7 ball pythons
  3 bats
  3 frilled lizards
  8 goblins (D:1)
  3 kobolds
  A quokka skeleton (D:4)
  5 rats
66 creatures vanquished.

Notes
Turn   | Place    | Note
-------+----------+-------------------------------------------
     0 | D:1      | hatdisgam the Vine Stalker Arcane Marksman began the quest
                  | for the Orb.
     0 | D:1      | Reached XP level 1. HP: 9/9 MP: 3/3
   282 | D:1      | Reached XP level 2. HP: 11/14 MP: 2/4
   975 | D:1      | Reached skill level 1 in Short Blades
  1128 | D:1      | Reached XP level 3. HP: 16/17 MP: 5/5
  1460 | D:1      | Found a faded altar of an unknown god.
  2507 | D:2      | Gained mutation: Your natural rate of healing is unusually
                  | fast. [Vine Stalker growth]
  2507 | D:2      | Reached XP level 4. HP: 15/21 MP: 3/6
  2988 | D:2      | You fall into a shaft and drop 2 floors!
  3047 | D:4      | Found a runed translucent gate.
  3047 | D:4      | Found a runed translucent gate.
  3048 | D:4      | Found a runed translucent gate.
  3048 | D:4      | Noticed dtburroughs's ghost (amateur MiBe)
  3180 | D:5      | Entered Level 5 of the Dungeon
  3225 | D:5      | Reached XP level 5. HP: 10/25 MP: 1/7
  3334 | D:4      | Noticed a lemure
  3334 | D:4      | Noticed a lemure
  3334 | D:4      | Noticed a lemure
  3449 | D:5      | Killed a lemure
  3699 | D:5      | You fall into a shaft and drop 1 floor!
  3818 | D:6      | Noticed an ogre
  3823 | D:6      | Slain by an ogre

Illustrated notes

Levels and vault maps discovered:
D:1:      dpeg_arrival_pond, layout_basic, basic_ecumenical_altar
D:2:      layout_basic, nrook_loot_triangle, serial_bayou_crossing
D:4:      minmay_spotlight, layout_basic, ebering_ghost_rock_garden, uniq_pikel
D:5:      layout_loops_ring, minmay_ruined_shrine, uniq_grinder, uniq_eustachio
D:6:      layout_basic, hangedman_abyss_or_decor_slice, uniq_menkaure

Skill      XL: |  1  2  3  4  5 |
---------------+----------------+-----
Throwing       | 2 3 |  3.3
Short Blades   | 1 2 3 |  3.5
Fighting       | |  0.8
Dodging        | |  1.5
Spellcasting   | |  1.1
Hexes          | |  3.0

Action                   |  1- 3 |  4- 6 || total
-------------------------+-------+-------++-------
Melee: Unarmed           |    16 |       ||    16
       Dagger            |   118 |   296 ||   414
       Bite              |    39 |    86 ||   125
       Long sword        |       |     3 ||     3
Throw: Javelin           |    17 |     2 ||    19
       Throwing net      |     2 |       ||     2
       Stone             |     1 |     1 ||     2
 Stab: Sleeping          |     1 |       ||     1
       Held in net/web   |     1 |       ||     1
Armor: Robe              |     2 |       ||     2
       Chain mail        |    71 |   123 ||   194
Dodge: Dodged            |    59 |    68 ||   127
